Map: Ultralove

Players

ManlyManMeat - Winner!

  • Race: Zerg Zerg
  • League: Diamond
  • Spawn Location: 1:00

VOD

Have the link to the VOD?

Description

Time

  • Played on: June 23, 2025, 6:20 a.m.
  • Length: 15:26
Show
View Real Time Build Order
Export as new Build Order

ManlyManMeat Zerg - Winner!

Build Orders:  

Get SALT Encoding   

  12  0:00  Drone  
  13  0:12  Drone  
  14  0:23  Drone, Extractor  
  15  0:30  Overlord  
  15  0:58  Drone  
  16  1:07  Hatchery  
  15  1:11  Drone  
  15  1:15  Drone  
  17  1:20  Drone  
  18  1:44  Spawning Pool  
  18  1:48  Drone, Extractor  
  17  1:52  Drone  
  18  2:00  Drone  
  19  2:15  Drone  
  20  2:50  Overlord  
  20  2:58  Queen x2  
  20  2:59  Zergling x4  
  26  3:18  Drone x4  
  30  3:37  Drone  
  30  3:38  Drone  
  32  3:59  Hatchery  
  31  4:01  Drone  
  31  4:02  Drone  
  31  4:04  Overlord  
  31  4:07  Metabolic Boost  
  33  4:15  Queen  
  33  4:16  Drone  
  36  4:33  Drone x2  
  36  4:34  Drone x2  
  40  4:50  Drone x2  
  40  4:51  Drone  
  40  4:52  Overlord  
  43  5:02  Extractor  
  42  5:20  Drone x3  
  42  5:21  Drone  
  46  5:36  Drone x2  
  48  5:42  Queen  
  48  5:44  Queen  
  48  5:45  Overlord x2  
  48  5:46  Overlord  
  52  6:07  Zergling x10  
  57  6:15  Baneling Nest  
  57  6:16  Drone  
  57  6:17  Evolution Chamber  
  56  6:20  Evolution Chamber  
  56  6:27  Zergling x12  
  61  6:45  Lair  
  61  6:56  Zerg Melee Weapons Level 1  
  61  6:58  Drone x3  
  61  6:59  Drone, Hatchery  
  64  7:13  Hatchery  
  64  7:14  Overlord x2  
  63  7:25  Burrow  
  63  7:30  Drone  
  63  7:31  Drone x3  
  63  7:34  Drone x2  
  68  7:59  Drone x5  
  73  8:00  Drone x3  
  73  8:01  Drone  
  77  8:12  Centrifugal Hooks  
  77  8:14  Zergling x4  
  79  8:26  Zerg Ground Armor Level 1  
  79  8:33  Extractor  
  78  8:55  Zergling x18  
  78  8:57  Baneling x5  
  78  8:59  Drone  
  88  9:16  Zergling x14  
  95  9:30  Zergling x2  
  95  9:31  Zergling x12  
  102  10:18  Zergling x2  
  102  10:19  Zergling x12  
  109  10:20  Overlord x2  
  109  10:21  Overlord x2  
  109  10:38  Baneling  
  109  10:39  Baneling x22  
  109  10:43  Overlord x4  
  109  10:52  Zergling x14  
  109  10:53  Zergling x6  
  109  10:54  Hatchery  
  118  11:08  Zergling x10  
  118  11:09  Zergling x2  
  124  11:26  Zergling x16  
  132  11:32  Zerg Melee Weapons Level 2  
  132  11:41  Extractor  
  132  11:42  Extractor x2  
  132  11:44  Drone x3  
  132  11:45  Zergling x14  
  101  12:21  Zergling x4  
  101  12:22  Zergling x32  
  105  12:31  Zergling x4  
  101  13:00  Roach Warren  
  101  13:01  Hydralisk Den  
  101  13:03  Zergling x12  
  101  13:04  Zergling x14  
  101  13:06  Baneling x12  
  101  13:07  Baneling x12  
  112  13:16  Drone  
  112  13:17  Drone x4  
  112  13:18  Drone  
  118  13:53  Drone  
  118  13:54  Drone x2, Zergling x2  
  118  13:55  Zergling x24  
  134  14:04  Zergling x12  
  134  14:05  Zergling x8  
  144  14:23  Zergling x2  
  144  14:24  Zergling x14  
  152  14:35  Zergling x8  
  148  14:56  Zergling x24  
  148  14:57  Zergling x4  
Tags
 
League
Diamond
Matchup
Co-op
Replay Pack
Myownreplay2
Add a new tag
Caveats
  • Supply blocks, unpowered buildings, or Contaminate may cause inaccurate times.
  • Supply counts are checked every 10 seconds.